 Dungeon Crawl Stone Soup version 0.26.0-41-g79a4fc7684 (webtiles) character file.

Game seed: 18376418449004613966

863 thiole the Skirmisher (level 8, -3/55 HPs)
             Began as an Octopode Hedge Wizard on Jan 26, 2021.
             Was an Initiate of Gozag.
             Slain by a sky beast (5 damage)
             ... on level 5 of the Dungeon on Jan 27, 2021.
             The game lasted 00:12:58 (7418 turns).

thiole the Skirmisher (Octopode Hedge Wizard)       Turns: 7418, Time: 00:12:59

Health: -3/55      AC:  1    Str:  8 (9)  XL:     8   Next: 2%
Magic:  14/14      EV: 14    Int: 22 (25) God:    Gozag
Gold:   298        SH:  0    Dex:  8 (11) Spells: 7/15 levels left

rFire    + . .     SeeInvis .   a - +2 dagger (holy)
rCold    . . .     Faith    .   (no shield)
rNeg     . . .     Spirit   .   b - +0 hat
rPois    .         Reflect  .   q - amulet of the acrobat
rElec    .         Harm     .   k - +6 ring of intelligence
rCorr    .         Rampage  .   v - ring of protection from fire
Will     .....                  (no ring)
Stlth    +++.......             (no ring)
HPRegen  0.18/turn              (no ring)
MPRegen  0.14/turn              (no ring)
                                (no ring)
                                (no ring)

@: mighty, brilliant
A: almost no armour, stealthy swim, amphibious, 8 rings, constrict 8, camouflage
1, gelatinous body 1
a: Renounce Religion, Potion Petition, Call Merchant, Bribe Branch


You were on level 5 of the Dungeon.
You worshipped Gozag.
Gozag was aware of your devotion.
You visited 2 branches of the dungeon, and saw 6 of its levels.

You collected 365 gold pieces.
You paid 67 gold pieces to Gozag.

Inventory:

Hand Weapons
 a - a +2 dagger of holy wrath (weapon)
 o - a +0 dagger
 t - a +1 long sword of holy wrath
 u - a +1 dagger of chaos
Missiles
 c - 52 poisoned darts (quivered)
 f - 82 sling bullets
 g - 116 stones
Armour
 b - a +0 hat (worn)
Jewellery
 k - a +6 ring of intelligence (left tentacle)
 q - an amulet of the acrobat (around mantle)
 v - a ring of protection from fire (right tentacle)
Wands
 y - a wand of iceblast (11)
Scrolls
 e - 5 scrolls of identify {unknown}
 h - 3 scrolls of enchant weapon {unknown}
 i - 2 scrolls of remove curse {unknown}
 j - a scroll of immolation {unknown}
 m - 3 scrolls of amnesia {unknown}
 n - 2 scrolls of teleportation {unknown}
 s - 2 scrolls of fear {unknown}
 x - a scroll of enchant armour {unknown}
 B - a scroll of blinking {unknown}
 C - a scroll of magic mapping {unknown}
Potions
 r - 2 potions of brilliance
 w - a potion of flight {unknown}
 z - a potion of might
 A - a potion of cancellation {unknown}


   Skills:
 * Level 5.1 Fighting
 + Level 4.2 Dodging
 - Level 5.0 Stealth
 - Level 4.0 Spellcasting
 - Level 2.0 Conjurations
 - Level 2.0 Summonings
 - Level 1.0 Translocations
 - Level 2.0 Air Magic
 - Level 2.0 Poison Magic


You had 7 spell levels left.
You knew the following spells:

 Your Spells              Type           Power        Failure   Level
a - Magic Dart            Conj           76%          4%          1
b - Call Imp              Summ           19%          8%          2
c - Blink                 Tloc           N/A          11%         2
d - Mephitic Cloud        Conj/Pois/Air  19%          14%         3

Your spell library contained the following spells:

 Spells                   Type           Power        Failure   Level
 Summon Small Mammal      Summ           76%          4%          1
 Apportation              Tloc           26%          8%          1
 Animate Skeleton         Necr           12%          11%         1
 Corona                   Hex            6%           11%         1
 Slow                     Hex            6%           17%         2
 Conjure Flame            Conj/Fire      13%          22%         3


Dungeon Overview and Level Annotations

Branches:
Dungeon (5/15)             Temple (1/1) D:4

Altars:
Cheibriados
Dithmenos
Elyvilon
Fedhas
Gozag
Kikubaaqudgha
Okawaru
Qazlal
Ru
Sif Muna
Trog
Vehumet
Wu Jian
Xom
Zin
The Shining One
Lugonu


Innate Abilities, Weirdness & Mutations

You cannot wear most types of armour.
You are very stealthy in the water. (Stealth+)
You are amphibious.
You can wear up to eight rings at the same time.
You can use your tentacles to constrict eight enemies at once.
Your skin changes colour to match your surroundings (Stealth+).
Your rubbery body absorbs attacks. (AC +1, EV +1)


Message History

Your crimson imp misses something.
Your crimson imp barely misses something.
Casting: Call Imp (safe; 6% risk of failure)
Confirm with . or Enter, or press ? or * to list all spells.
You feel a surge of power!
A metallic apparition takes form in the air.
Something barely misses your crimson imp.
Your crimson imp disappears in a puff of smoke!
Your crimson imp barely misses something.
Your iron imp closely misses something.
Your crimson imp disappears in a puff of smoke!
It was a potion of degeneration.
There was something very wrong with that liquid.
You feel weakened.
You feel dopey.
You feel clumsy.
It was a potion of magic.
Magic courses through your body. Something hits you.
* * * LOW HITPOINT WARNING * * *
Something shocks you.
You die...
Your body crumbles into a pile of gold.

..'................#........()###
..#................#..........#..
..#..##..##.###..###.######......
###..##..###########.######......
.#....#...#..#...................
.#....#...#..#....ยง..............
.#....#...#..#...................
.#....#...#..#....5..............
###########'###.@###.############
#.............#..##### #.....
'.............#...# #.....
#.............#...# #.....
#.............#...# #####.....
.....####....###### #.......##
.....# #....# #.......#. .....#
#....# #.......#. .....# #....#
#.......#.


You could see a friendly crimson imp (summoned).

Vanquished Creatures
  A centaur (D:5)
  2 crimson imps (D:4)
  A hound (D:3)
  A centaur skeleton (D:4)
  2 iguanas
  Crazy Yiuf (D:2)
  Jessica (D:3)
  Natasha (thrice) (D:2)
  2 orc wizards (D:4)
  A worker ant (D:4)
  Terence (D:3)
  A hound skeleton (D:4)
  6 adders
  A howler monkey skeleton (D:4)
  An adder zombie (D:5)
  An adder skeleton (D:4)
  A worm (D:3)
  3 dart slugs
  4 leopard geckos
  18 orcs
  6 bats
  9 giant cockroaches
  15 goblins
  8 hobgoblins
  15 jackals
  5 quokkas
  3 ball pythons
  2 ball python skeletons
  4 frilled lizards
  A giant cockroach zombie (D:5)
  7 kobolds
  A quokka zombie (D:5)
  8 rats
136 creatures vanquished.

Vanquished Creatures (collateral kills)
  An ogre (D:5)
  A scorpion (D:5)
  2 crimson imps (D:4)
  An iguana (D:4)
  4 jackals (D:4)
9 creatures vanquished.

Vanquished Creatures (others)
  A demonic plant (Temple)
1 creature vanquished.

Grand Total: 146 creatures vanquished

Notes
Turn   | Place    | Note
-------+----------+-------------------------------------------
     0 | D:1      | thiole the Octopode Hedge Wizard began the quest for the
                  | Orb.
     0 | D:1      | Reached XP level 1. HP: 11/11 MP: 4/4
   177 | D:1      | Reached XP level 2. HP: 15/17 MP: 0/6
   249 | D:1      | Learned a level 2 spell: Call Imp
   252 | D:1      | Learned a level 2 spell: Blink
   768 | D:1      | Reached XP level 3. HP: 14/21 MP: 0/7
   894 | D:1      | Learned a level 3 spell: Mephitic Cloud
  1974 | D:2      | Reached XP level 4. HP: 27/27 MP: 9/9
  1976 | D:2      | Noticed Natasha
  1988 | D:2      | Killed Natasha
  2105 | D:2      | Found an ancient bone altar of Kikubaaqudgha.
  2147 | D:2      | Found a runed translucent door.
  2148 | D:2      | Noticed Crazy Yiuf
  2296 | D:2      | Noticed Natasha
  2301 | D:2      | Killed Natasha
  2302 | D:2      | Reached XP level 5. HP: 31/31 MP: 10/10
  2303 | D:2      | Noticed Natasha
  2315 | D:2      | Killed Natasha
  2316 | D:2      | Reached skill level 5 in Stealth
  2561 | D:2      | Reached skill level 1 in Poison Magic
  2751 | D:2      | Reached skill level 1 in Air Magic
  2967 | D:2      | Killed Crazy Yiuf
  3275 | D:3      | Noticed Jessica
  3281 | D:3      | Killed Jessica
  3282 | D:3      | Reached XP level 6. HP: 32/36 MP: 9/12
  3412 | D:3      | Reached skill level 1 in Fighting
  4157 | D:3      | Noticed Terence
  4164 | D:3      | Killed Terence
  4676 | D:4      | Found a shimmering altar of Xom.
  4697 | D:4      | Reached XP level 7. HP: 32/45 MP: 1/13
  5588 | D:4      | Found a glowing silver altar of Zin.
  5589 | D:4      | Found a blossoming altar of Fedhas.
  5592 | D:4      | Found a shimmering blue altar of Sif Muna.
  6063 | D:4      | Found a staircase to the Ecumenical Temple.
  6141 | Temple   | Entered the Ecumenical Temple
  6243 | Temple   | Became a worshipper of Gozag Ym Sagoz the Greedy
  6476 | D:5      | Entered Level 5 of the Dungeon
  7099 | D:5      | Reached skill level 5 in Fighting
  7118 | D:5      | Reached XP level 8. HP: 35/55 MP: 0/14
  7316 | D:5      | Found a bloodstained altar of Trog.
  7396 | D:5      | HP: 2/55 [something (6)]
  7418 | D:5      | HP: 2/55 [something (3)]
  7418 | D:5      | Slain by a sky beast

Illustrated notes

Levels and vault maps discovered:
D:1:      dpeg_arrival_rooms_a, layout_loops_cross, minmay_close_crescents
D:2:      layout_rooms, overflow_temple_1_default, uniq_natasha,
          uniq_crazy_yiuf_cottage
D:3:      layout_loops_cross, uniq_terence, uniq_jessica
D:4:      layout_loops_ring, minitemple, minmay_temple_entry_antechambers,
          led_xom_imps
D:5:      layout_gridville, trog_eyes_of_draining, trog_three_pillars_becter
Temple:   kb_corrupted_temple

Skill      XL: |  1  2  3  4  5  6  7 |
---------------+----------------------+-----
Stealth        | 3 4 5 |  5.0
Conjurations   | 2 |  2.0
Summonings     | 2 |  2.0
Spellcasting   | 4 |  4.0
Poison Magic   | 2 |  2.0
Air Magic      | 2 |  2.0
Fighting       | 2 5 |  5.1
Dodging        | 4 |  4.2
Translocations | |  1.0

Action                   |  1- 3 |  4- 6 |  7- 9 || total
-------------------------+-------+-------+-------++-------
Melee: Dagger            |    57 |    83 |    48 ||   188
       Constrict         |    21 |    23 |     9 ||    53
       Tentacles         |     8 |    10 |     6 ||    24
Throw: Dart              |    18 |    90 |       ||   108
       Stone             |       |     6 |       ||     6
 Cast: Magic Dart        |    81 |    85 |   104 ||   270
       Call Imp          |       |     3 |    28 ||    31
       Mephitic Cloud    |       |       |     1 ||     1
  Use: Potion            |       |       |     6 ||     6
 Stab: Distracted        |       |       |     1 ||     1
Armor: Skin              |     7 |     7 |     3 ||    17
Dodge: Dodged            |    46 |    76 |    58 ||   180
